 Dungeon Crawl Stone Soup version 0.30-b1-2-g02819fbbbe (webtiles) character file.

Game seed: 9531828109505781904

1125 MajorAdolf the Firebug (level 8, -6/62 HPs)
             Began as a Naga Wanderer on May 28, 2023.
             Was an Initiate of Gozag.
             Mangled by an orc warrior
             ... wielding a +0 glaive
              (18 damage)
             ... on level 6 of the Dungeon on June 14, 2023.
             The game lasted 00:12:49 (6543 turns).

MajorAdolf the Firebug (Naga Wanderer)              Turns: 6543, Time: 00:12:49

Health: -6/62      AC:  4    Str: 19    XL:     8   Next: 35%
Magic:  14/14      EV:  9    Int: 12    God:    Gozag
Gold:   380        SH:  5    Dex:  9    Spells: 10/14 levels left

rFire   . . .        m - +5 spear of Relis {venom, rN++ Will+}
rCold   . . .        (no shield)
rNeg    + + .        q - +0 robe {Archmagi}
rPois   +            (no helmet)
rElec   .            (no cloak)
rCorr   .            C - +0 pair of gloves
SInv    +            (no barding)
Will    ++...        l - amulet of reflection
Stlth   +++          (no ring)
HPRegen 0.30/turn    (no ring)
MPRegen 0.14/turn

%: reflection, archmagi
@: unable to read, very slow
A: AC +2, large, see invisible, deformed body, poison resistance, slowness 2,
spit poison 1, naga tail 1, high MP 1, inability to read after injury 1, sturdy
frame 1
a: Spit Poison, Renounce Religion, Potion Petition, Call Merchant, Bribe Branch


You were on level 6 of the Dungeon.
You worshipped Gozag.
Gozag was aware of your devotion.
You visited 1 branch of the dungeon, and saw 6 of its levels.

You collected 480 gold pieces.
You paid 100 gold pieces to Gozag.

Inventory:

Hand Weapons
 g - a +0 short sword of holy wrath
 m - the +5 spear of Relis (weapon) {venom, rN++ Will+}
   (You found it on level 2 of the Dungeon)

   rN:        It greatly protects you from negative energy.
   Will:      It increases your willpower.
Missiles
 a - 2 throwing nets
Armour
 q - a +0 robe of the Archmagi (worn)
 C - a +0 pair of gloves (worn)
Jewellery
 l - an amulet of reflection (around neck)
 x - an amulet of magic regeneration
 A - a +4 ring of protection
Scrolls
 c - a scroll of fog
 f - a scroll of magic mapping
 h - 10 scrolls of identify
 j - 2 scrolls of enchant armour {unknown}
 k - 3 scrolls of enchant weapon {unknown}
 o - 2 scrolls of fear {unknown}
 p - 2 scrolls of torment {unknown}
 s - 2 scrolls of summoning {unknown}
 t - 2 scrolls of noise {unknown}
 u - 2 scrolls of teleportation {unknown}
 y - a scroll of blinking {unknown}
Potions
 d - a potion of heal wounds {unknown}
 e - 3 potions of brilliance {unknown}
 i - 2 potions of might {unknown}
 n - a potion of attraction {unknown}
 r - 3 potions of curing {unknown}
 v - 2 potions of invisibility {unknown}
 w - a potion of magic {unknown}
 z - 2 potions of degeneration {unknown}
 B - a potion of lignification {unknown}
 D - 2 potions of resistance {unknown}
Miscellaneous
 b - a piece from Xom's chessboard (15/15)


   Skills:
 - Level 2.0 Short Blades
 + Level 3.6 Polearms
 - Level 1.0 Dodging
 + Level 5.5 Stealth
 + Level 3.7 Spellcasting
 + Level 3.2 Transmutations
 + Level 5.5 Fire Magic
 + Level 4.5 Poison Magic
 - Level 2.0 Evocations


You had 10 spell levels left.
You knew the following spells:

 Your Spells              Type           Power      Damage    Failure   Level
a - Foxfire               Conj/Fire      52%        2x1d6     8%          1
b - Ignite Poison         Fire/Tmut/Pois 19%        N/A       11%         3

Your spell library contained the following spells:

 Spells                   Type           Power      Damage    Failure   Level
 Inner Flame              Hex/Fire       13%        N/A       22%         3
 Gell's Gravitas          Tloc           3%         N/A       56%         3
 Teleport Other           Tloc           3%         N/A       56%         3
 Dispersal                Tloc           1%         N/A       100%        6


Dungeon Overview and Level Annotations

Branches:
Dungeon (6/15)
 Temple: D:4-7

Altars:
Fedhas
Gozag
Kikubaaqudgha
Xom

Shops:
D:4 *

Annotations:
D:6 1 runed translucent door, Crazy Yiuf


Innate Abilities, Weirdness & Mutations

Your serpentine skin is tough. (AC +2)
You have supernaturally acute eyesight. (SInv)
Armour fits poorly on your strangely shaped body.
Your system is resistant to poisons. (rPois)
You cover ground very slowly.
You can spit poison.
You have a snake-like lower body.
You have an increased reservoir of magic. (+10% MP)
You occasionally lose the ability to read scrolls when taking damage.
Your movements are slightly less encumbered by armour. (ER -2)


Message History

You hit the jelly.
You kill the jelly!
Found 13 gold pieces.
You see here 6 gold pieces.
You reach to attack!
The helpless orc fails to defend itself.
You puncture the orc!
You kill the orc!
No target in view!
You now have 373 gold pieces (gained 6).
You now have 380 gold pieces (gained 7).
You see here a +0 club.
Found a robe.
Aiming: Spit Poison (1% risk of failure)
Press: ? - help, Shift-Dir - straight line, f - orc warrior
Aim: an orc warrior, wielding a +0 glaive and wearing a +0 plate armour (wandering, hasn't noticed you, 64% to hit)
The splash of poison hits the orc warrior!
The orc warrior is moderately wounded.
The orc warrior hits you from afar with a +0 glaive!!
The orc wizard shouts!
You reach to attack!
You closely miss the orc warrior.
The orc warrior is moderately wounded.
You hear a shout!
The orc warrior hits you from afar with a +0 glaive!
You reach to attack!
You closely miss the orc warrior.
The orc warrior is moderately wounded.
The orc warrior hits you from afar with a +0 glaive!!
* * * LOW HITPOINT WARNING * * *
Unknown command.
Okay, then.
Okay, then.
Okay, then.
You have got your breath back.
The orc warrior barely misses you.
The orc wizard gestures wildly while chanting.
The orc wizard flickers and vanishes for a moment.
The orc warrior hits you from afar with a +0 glaive!!
You feel threatened and lose the ability to read scrolls!
You die...
Your body crumbles into a pile of gold.

## #........#
.#######....###.###.. .# ..
.##......>......#.... .# o
................#.##. .# .
###.............#.##.##[#.#
# ####.#.....##.#.# ..#.#.#
## #.#........#.# #.#... .#
#.#...#.##.#.###.#>#.# ##
#.#...#.##.@.oo......# #
#.#...#.########.##########
. ......... #..........# ##
###..#### $ ####)##.##.# #
#..# #.# # .... #.# # #.# #
#.. ###


You could see an orc warrior and an orc wizard (invisible).

Vanquished Creatures
  A black bear (D:5)
  An ice beast (D:5)
  2 phantoms
  3 scorpions
  A gnoll sergeant (D:5)
  2 jellies (D:6)
  2 hounds (D:5)
  An orc priest (D:6)
  A gnoll bouda (D:5)
  5 iguanas
  2 orc wizards (D:5)
  9 gnolls (D:5)
  3 adders
  An ufetubus (D:6)
  3 dart slugs
  10 orcs
  6 endoplasms
  2 giant cockroaches (D:4)
  6 goblins
  3 hobgoblins
  8 quokkas
  6 ball pythons
  3 bats
  2 frilled lizards
  8 kobolds
  4 rats
95 creatures vanquished.

Vanquished Creatures (others)
  132 foxfires
  5 fungi (D:4)
137 creatures vanquished.

Grand Total: 232 creatures vanquished

Notes
Turn   | Place    | Note
-------+----------+-------------------------------------------
     0 | D:1      | MajorAdolf the Naga Wanderer began the quest for the Orb.
     0 | D:1      | MajorAdolf set off with the following items: a +0 short
                  | sword, a piece from Xom's chessboard (15/15), a scroll of
                  | fog, a +0 leather armour; and the following spell
                  | memorised: Foxfire; and the following spells available to
                  | memorise: Inner Flame, Ignite Poison.
     0 | D:1      | Reached XP level 1. HP: 15/15 MP: 2/2
    58 | D:1      | You fall into a shaft and drop 1 floor!
   317 | D:1      | Reached XP level 2. HP: 18/22 MP: 3/3
  1339 | D:2      | Found an ancient bone altar of Kikubaaqudgha.
  1412 | D:2      | Identified the +5 spear of Relis {venom, rN++ Will+}
  1444 | D:2      | Reached XP level 3. HP: 28/28 MP: 4/4
  1677 | D:2      | Reached skill level 1 in Polearms
  2041 | D:3      | Reached XP level 4. HP: 33/36 MP: 6/6
  3015 | D:4      | Learned a level 3 spell: Ignite Poison
  3023 | D:4      | Found Haagik's Elemental Accessories.
  3053 | D:4      | Noticed a phantom
  3070 | D:4      | Killed a phantom
  3071 | D:4      | Reached skill level 1 in Poison Magic
  3071 | D:4      | Reached XP level 5. HP: 14/42 MP: 1/8
  3288 | D:4      | Reached skill level 1 in Transmutations
  3470 | D:4      | Reached XP level 6. HP: 49/49 MP: 6/9
  3818 | D:5      | Entered Level 5 of the Dungeon
  3968 | D:5      | Reached XP level 7. HP: 48/55 MP: 11/11
  4138 | D:5      | Reached skill level 5 in Fire Magic
  4883 | D:5      | Found an opulent altar of Gozag.
  4943 | D:5      | Became a worshipper of Gozag Ym Sagoz the Greedy
  5286 | D:5      | Reached XP level 8. HP: 33/62 MP: 11/13
  5396 | D:5      | Gained mutation: You occasionally lose the ability to read
                  | scrolls when taking damage. [potion of mutation]
  5396 | D:5      | Gained mutation: You have an increased reservoir of magic.
                  | (+10% MP) [potion of mutation]
  5396 | D:5      | Gained mutation: Your movements are slightly less
                  | encumbered by armour. (ER -2) [potion of mutation]
  5426 | D:5      | Reached skill level 5 in Stealth
  5512 | D:5      | Found a shimmering altar of Xom.
  5519 | D:5      | Found a blossoming altar of Fedhas.
  6271 | D:6      | Found a runed translucent door.
  6272 | D:6      | Noticed Crazy Yiuf
  6543 | D:6      | Mangled by an orc warrior

Illustrated notes

Levels and vault maps discovered:
D:1:      nzn_arrival_depleted_hourglass, layout_basic
D:2:      minmay_wonky_spiral, layout_basic, basic_altar
D:3:      layout_basic
D:4:      layout_rooms, nicolae_elemental_shop, dreamdust_mushroom_princess,
          grunt_decor_arrowhead
D:5:      layout_basic, grunt_gozag_breadcrumbs, jmf_multi_god_temple
D:6:      minmay_diamond_boxcup, layout_loops_cross,
          hangedman_abyss_or_decor_passed, nicolae_zen_rock_garden,
          uniq_crazy_yiuf_cottage, uniq_duvessa

Skill      XL: |  1  2  3  4  5  6  7  8 |
---------------+-------------------------+-----
Fire Magic     | 4 5 |  5.5
Polearms       | 1 2 3 |  3.6
Stealth        | 2 3 4 5 |  5.5
Spellcasting   | 2 3 |  3.7
Poison Magic   | 1 2 3 4 |  4.5
Transmutations | 1 2 3 |  3.2
Short Blades   | |  2.0
Dodging        | |  1.0
Evocations     | |  2.0

Action                     |  1- 3 |  4- 6 |  7- 9 || total
---------------------------+-------+-------+-------++-------
  Melee: Short sword       |    22 |       |       ||    22
         Spear             |    24 |    49 |    84 ||   157
   Cast: Foxfire           |    31 |    23 |    26 ||    80
Ability: Spit Poison       |    18 |     4 |    10 ||    32
    Use: Scroll            |       |       |     3 ||     3
         Potion            |       |       |     1 ||     1
   Stab: Sleeping          |     2 |     1 |     4 ||     7
 Armour: Leather armour    |     8 |       |       ||     8
         Robe              |       |     9 |    15 ||    24
  Dodge: Dodged            |    22 |    14 |    41 ||    77
  Block: Other             |     4 |     6 |    25 ||    35
         Reflection        |       |     1 |     1 ||     2
